PBL
TROIS-RIVERES AIGLES @ DETROIT RED WINGS
09/08/2049
 
TOP OF THE 1ST
Trois-Riveres Aigles batting - Pitching for Detroit Red Wings : RHP Nate McLemore
Pitching: RHP Nate McLemore
Batting: SHB Josif Popovski 0-0: Foul Ball, location: 2F
0-1: Ball
1-1: Ball
2-1: Called Strike
2-2: Fly out, F7 (Flyball, 78M, EV 83.8 MPH)
Batting: LHB Edgar Quinto 0-0: Ground out 4-3 (Groundball, 34D, EV 101.9 MPH)
Batting: RHB Alistair Holmes 0-0: Called Strike
0-1: Foul Ball, location: 2F
0-2: Ball
1-2: Fly out, F9 (Flyball, 9D, EV 93.8 MPH)
Top of the 1st over - 0 runs, 0 hits, 0 errors, 0 left on base; Trois-Riveres 0 - Detroit 0
BOTTOM OF THE 1ST
Detroit Red Wings batting - Pitching for Trois-Riveres Aigles : RHP Jason DiNapoli
Pitching: RHP Jason DiNapoli
Batting: RHB António Scarlett 0-0: Ball
1-0: Ball
2-0: Ball
3-0: Called Strike
3-1: Base on Balls
Batting: LHB Ryan Adams 0-0: Called Strike
0-1: Fielders Choice at 2nd, 3-6 (Groundball, 3, EV 89.4 MPH)
Batting: LHB Duda Pinho 0-0: Ball
1-0: Called Strike
1-1: Ball
2-1: Foul Ball, location: 2F
2-2: Ball
3-2: Fielders Choice at 2nd, 6-4 (Groundball, 6M, EV 82.5 MPH)
Batting: LHB Simon Barry 0-0: Called Strike
0-1: Ball
1-1: SINGLE (Groundball, 34, EV 105.6 MPH)
Duda Pinho to second
Runner from 2nd tries for 3rd, SAFE, throw by RF made to third
Batting: RHB Harry Tugnut 0-0: Foul Ball, location: 2F
0-1: Called Strike
0-2: Ground out 5-3 (Groundball, 5S, EV 63.1 MPH)
Bottom of the 1st over - 0 runs, 1 hit, 0 errors, 2 left on base; Trois-Riveres 0 - Detroit 0
TOP OF THE 2ND
Trois-Riveres Aigles batting - Pitching for Detroit Red Wings : RHP Nate McLemore
Batting: SHB Derek Weaver 0-0: Called Strike
0-1: Ball
1-1: Swinging Strike
1-2: Strikes out looking
Batting: RHB George Connell 0-0: Fly out, F9 (Flyball, 89M, EV 78.8 MPH)
Batting: SHB Paul Dupuis 0-0: Swinging Strike
0-1: Ball
1-1: Swinging Strike
1-2: Foul Ball, location: 2F
1-2: Ball
2-2: Foul Ball, location: 2F
2-2: Foul Ball, location: 2F
2-2: Foul Ball, location: 2F
2-2: Ball
3-2: Foul Ball, location: 2F
3-2: Strikes out looking
Top of the 2nd over - 0 runs, 0 hits, 0 errors, 0 left on base; Trois-Riveres 0 - Detroit 0
BOTTOM OF THE 2ND
Detroit Red Wings batting - Pitching for Trois-Riveres Aigles : RHP Jason DiNapoli
Batting: SHB Salvador Lacosta 0-0: Ball
1-0: Ball
2-0: Foul Ball, location: 2F
2-1: Called Strike
2-2: Ball
3-2: Base on Balls
Batting: SHB Bill Casal 0-0: Called Strike
0-1: Swinging Strike
0-2: Ball
1-2: Foul Ball, location: 2F
1-2: Ball
2-2: Foul Ball, location: 2F
2-2: Foul Ball, location: 2F
2-2: Ball
3-2: 2-RUN HOME RUN (Flyball, 8LXD, EV 111.9 MPH), Distance : 437 ft
Batting: RHB Jason LeBlanc 0-0: Called Strike
0-1: Fly out, F9 (Flyball, 9, EV 88.8 MPH)
Batting: RHB Mark Massey 0-0: Ball
1-0: SOLO HOME RUN (Flyball, 7LD, EV 95.0 MPH), Distance : 354 ft
Batting: RHB António Scarlett 0-0: Foul Ball, location: 2F
0-1: Called Strike
0-2: Foul Ball, location: 2F
0-2: Ball
1-2: Ball
2-2: Ball
3-2: Foul Ball, location: 2F
3-2: Ground out 6-3 (Groundball, 6M, EV 79.4 MPH)
Batting: LHB Ryan Adams 0-0: Swinging Strike
0-1: Ball
1-1: Foul Ball, location: 2F
1-2: Ball
2-2: Ground out 6-3 (Groundball, 6, EV 84.4 MPH)
Bottom of the 2nd over - 3 runs, 2 hits, 0 errors, 0 left on base; Trois-Riveres 0 - Detroit 3
TOP OF THE 3RD
Trois-Riveres Aigles batting - Pitching for Detroit Red Wings : RHP Nate McLemore
Batting: RHB Chris Davis 0-0: Called Strike
0-1: Ball
1-1: Foul Ball, location: 2F
1-2: Strikes out swinging
Batting: RHB Danny Mota 0-0: Ball
1-0: Foul Ball, location: 2F
1-1: Ball
2-1: Foul Ball, location: 2F
2-2: Strikes out swinging
Batting: SHB Aaron Ruscigno 0-0: Ball
1-0: Ground out 6-3 (Groundball, 4MS, EV 75.0 MPH)
Top of the 3rd over - 0 runs, 0 hits, 0 errors, 0 left on base; Trois-Riveres 0 - Detroit 3
BOTTOM OF THE 3RD
Detroit Red Wings batting - Pitching for Trois-Riveres Aigles : RHP Jason DiNapoli
Batting: LHB Duda Pinho 0-0: SINGLE (Flyball, 3D, EV 96.2 MPH)
Batting: LHB Simon Barry 0-0: Ball
1-0: Called Strike
1-1: Foul Ball, location: 2F
1-2: Fly out, F7 (Flyball, 78M, EV 91.9 MPH)
Batting: RHB Harry Tugnut 0-0: Called Strike
0-1: Called Strike
0-2: Strikes out swinging
Batting: SHB Salvador Lacosta 0-0: Called Strike
Duda Pinho steals 2nd base
0-1: Ball
1-1: Ground out 6-3 (Groundball, 56, EV 85.6 MPH)
Bottom of the 3rd over - 0 runs, 1 hit, 0 errors, 1 left on base; Trois-Riveres 0 - Detroit 3
TOP OF THE 4TH
Trois-Riveres Aigles batting - Pitching for Detroit Red Wings : RHP Nate McLemore
Batting: SHB Josif Popovski 0-0: Ball
1-0: Called Strike
1-1: Swinging Strike
1-2: Ball
2-2: Ball
3-2: Foul Ball, location: 2F
3-2: Base on Balls
Batting: LHB Edgar Quinto 0-0: Ball
1-0: Foul Ball, location: 2F
1-1: 2-RUN HOME RUN (Line Drive, 9D, EV 103.8 MPH), Distance : 406 ft
Batting: RHB Alistair Holmes 0-0: Foul Ball, location: 2F
0-1: Ball
1-1: Called Strike
1-2: Ball
2-2: Foul Ball, location: 2F
2-2: Foul Ball, location: 2F
2-2: Ball
3-2: Ground out 6-3 (Groundball, 6M, EV 102.5 MPH)
Batting: SHB Derek Weaver 0-0: Fly out, F9 (Flyball, 9S, EV 86.2 MPH)
Batting: RHB George Connell 0-0: Called Strike
0-1: Called Strike
0-2: Ground out 6-3 (Groundball, 6, EV 83.1 MPH)
Top of the 4th over - 2 runs, 1 hit, 0 errors, 0 left on base; Trois-Riveres 2 - Detroit 3
BOTTOM OF THE 4TH
Detroit Red Wings batting - Pitching for Trois-Riveres Aigles : RHP Jason DiNapoli
Batting: SHB Bill Casal 0-0: Ball
1-0: Called Strike
1-1: Foul Ball, location: 2F
1-2: Strikes out swinging, 2-3 out at first.
Batting: RHB Jason LeBlanc 0-0: Called Strike
0-1: Ball
1-1: Ground out 5-3 (Groundball, 56, EV 95.0 MPH)
Batting: RHB Mark Massey 0-0: Ball
1-0: Called Strike
1-1: Swinging Strike
1-2: SOLO HOME RUN (Flyball, 7D, EV 100.0 MPH), Distance : 401 ft
Batting: RHB António Scarlett 0-0: Ball
1-0: Ball
2-0: Called Strike
2-1: Swinging Strike
2-2: Ground out 6-3 (Groundball, 6, EV 78.1 MPH)
Bottom of the 4th over - 1 run, 1 hit, 0 errors, 0 left on base; Trois-Riveres 2 - Detroit 4
TOP OF THE 5TH
Trois-Riveres Aigles batting - Pitching for Detroit Red Wings : RHP Nate McLemore
Batting: SHB Paul Dupuis 0-0: Called Strike
0-1: Ball
1-1: Swinging Strike
1-2: Strikes out looking
Batting: RHB Chris Davis 0-0: Fly out, F9 (Flyball, 89S, EV 77.5 MPH)
Batting: RHB Danny Mota 0-0: Ball
1-0: Swinging Strike
1-1: SINGLE (Line Drive, 4D, EV 97.5 MPH)
Batting: SHB Aaron Ruscigno 0-0: Foul Ball, location: 2F
0-1: Ball
1-1: DOUBLE (Line Drive, 78D, EV 111.9 MPH)
Danny Mota to third
Batting: SHB Josif Popovski 0-0: Swinging Strike
0-1: Called Strike
0-2: Ball
1-2: Foul Ball, location: 2F
1-2: Ball
2-2: Fly out, F8 (Flyball, 8RD, EV 86.9 MPH)
Top of the 5th over - 0 runs, 2 hits, 0 errors, 2 left on base; Trois-Riveres 2 - Detroit 4
BOTTOM OF THE 5TH
Detroit Red Wings batting - Pitching for Trois-Riveres Aigles : RHP Jason DiNapoli
Batting: LHB Ryan Adams 0-0: Swinging Strike
0-1: Swinging Strike
0-2: Ball
1-2: Foul Ball, location: 2F
1-2: Ball
2-2: Ball
3-2: Base on Balls
Batting: LHB Duda Pinho 0-0: Swinging Strike
0-1: Fly out, F7 (Flyball, 78M, EV 96.9 MPH)
Batting: LHB Simon Barry 0-0: Called Strike
0-1: Foul Ball, location: 2F
0-2: Foul Ball, location: 2F
0-2: Ball
1-2: Fly out, F9 (Line Drive, 9S, EV 94.4 MPH)
Batting: RHB Harry Tugnut 0-0: Called Strike
0-1: Called Strike
0-2: Strikes out swinging
Bottom of the 5th over - 0 runs, 0 hits, 0 errors, 1 left on base; Trois-Riveres 2 - Detroit 4
TOP OF THE 6TH
Trois-Riveres Aigles batting - Pitching for Detroit Red Wings : RHP Nate McLemore
Pitching: LHP David Kyle
Batting: LHB Edgar Quinto 0-0: Ball
1-0: Fly out, F8 (Flyball, 78M, EV 91.9 MPH)
Batting: RHB Alistair Holmes 0-0: Ball
1-0: Ball
2-0: Ball
3-0: Called Strike
3-1: Called Strike
3-2: Base on Balls
Batting: SHB Derek Weaver 0-0: Called Strike
Alistair Holmes steals 2nd, throwing error, E2
Alistair Holmes to third
0-1: Ball
1-1: Ball
2-1: Ball
3-1: Fly out, F8 (Flyball, 89M, EV 74.4 MPH)
Runner from 3rd tags up, SCORES, throw by CF
Batting: RHB George Connell 0-0: Called Strike
0-1: Fly out, F9 (Flyball, 89M, EV 92.5 MPH)
Top of the 6th over - 1 run, 0 hits, 1 error, 0 left on base; Trois-Riveres 3 - Detroit 4
BOTTOM OF THE 6TH
Detroit Red Wings batting - Pitching for Trois-Riveres Aigles : RHP Jason DiNapoli
Batting: SHB Salvador Lacosta 0-0: Foul Ball, location: 2F
0-1: Swinging Strike
0-2: Ball
1-2: Ball
2-2: Ground out 5-3 (Groundball, 56S, EV 79.4 MPH)
Batting: SHB Bill Casal 0-0: Foul Ball, location: 2F
0-1: Foul Ball, location: 2F
0-2: Ball
1-2: Ball
2-2: Foul Ball, location: 2F
2-2: Foul Ball, location: 2F
2-2: Ball
3-2: Foul Ball, location: 2F
3-2: Foul Ball, location: 2F
3-2: Fly out, F7 (Flyball, 78M, EV 83.8 MPH)
Batting: RHB Jason LeBlanc 0-0: Called Strike
0-1: Ball
1-1: Ball
2-1: SOLO HOME RUN (Flyball, 7D, EV 96.9 MPH), Distance : 402 ft
Batting: RHB Mark Massey 0-0: Ball
1-0: Ball
2-0: Ball
3-0: Called Strike
3-1: Swinging Strike
3-2: Base on Balls
Pitching: LHP Jordan Robinson
Batting: RHB António Scarlett 0-0: Ball
1-0: Fielders Choice at 2nd, 5-4 (Groundball, 56, EV 89.4 MPH)
Bottom of the 6th over - 1 run, 1 hit, 0 errors, 1 left on base; Trois-Riveres 3 - Detroit 5
TOP OF THE 7TH
Trois-Riveres Aigles batting - Pitching for Detroit Red Wings : LHP David Kyle
Batting: SHB Paul Dupuis 0-0: Ball
1-0: Called Strike
1-1: Ground out 6-3 (Groundball, 6, EV 80.0 MPH)
Batting: RHB Chris Davis 0-0: SINGLE (Groundball, 56D, EV 100.6 MPH)
Batting: RHB Danny Mota 0-0: Called Strike
0-1: Grounds into double play, 6-4-3 (Groundball, 6S, EV 85.0 MPH)
Top of the 7th over - 0 runs, 1 hit, 0 errors, 0 left on base; Trois-Riveres 3 - Detroit 5
BOTTOM OF THE 7TH
Detroit Red Wings batting - Pitching for Trois-Riveres Aigles : LHP Jordan Robinson
Batting: LHB Ryan Adams 0-0: Ball
1-0: Foul Ball, location: 2F
1-1: Called Strike
1-2: Ball
2-2: Ball
3-2: Ground out 4-3 (Groundball, 4, EV 90.0 MPH)
Batting: LHB Duda Pinho 0-0: Ball
1-0: Ball
2-0: Ground out 6-3 (Groundball, 56, EV 108.1 MPH)
Batting: LHB Simon Barry 0-0: Ball
1-0: Foul Ball, location: 2F
1-1: Ball
2-1: Called Strike
2-2: Strikes out swinging
Bottom of the 7th over - 0 runs, 0 hits, 0 errors, 0 left on base; Trois-Riveres 3 - Detroit 5
TOP OF THE 8TH
Trois-Riveres Aigles batting - Pitching for Detroit Red Wings : LHP David Kyle
Batting: SHB Aaron Ruscigno 0-0: Ball
1-0: Ball
2-0: Swinging Strike
2-1: Foul Ball, location: 2F
2-2: Strikes out swinging
Batting: SHB Josif Popovski 0-0: Called Strike
0-1: Ball
1-1: Ball
2-1: Ball
3-1: Ground out 4-3 (Groundball, 4, EV 100.6 MPH)
Pitching: LHP Jayden Carter
Pinch Hitting: RHB John Garland 0-0: Ball
1-0: Ball
2-0: Called Strike
2-1: Called Strike
2-2: Ball
3-2: Strikes out swinging
Top of the 8th over - 0 runs, 0 hits, 0 errors, 0 left on base; Trois-Riveres 3 - Detroit 5
BOTTOM OF THE 8TH
Detroit Red Wings batting - Pitching for Trois-Riveres Aigles : LHP Jordan Robinson
Now in CF: Cory Nuss
Batting: RHB Harry Tugnut 0-0: Ball
1-0: Ball
2-0: Called Strike
2-1: Fly out, F7 (Line Drive, 7, EV 95.0 MPH)
Batting: SHB Salvador Lacosta 0-0: Ball
1-0: Called Strike
1-1: Called Strike
1-2: Foul Ball, location: 2F
1-2: Strikes out swinging
Batting: SHB Bill Casal 0-0: Called Strike
0-1: Swinging Strike
0-2: Strikes out swinging
Bottom of the 8th over - 0 runs, 0 hits, 0 errors, 0 left on base; Trois-Riveres 3 - Detroit 5
TOP OF THE 9TH
Trois-Riveres Aigles batting - Pitching for Detroit Red Wings : LHP Jayden Carter
Now at 1B: Simon Barry
Now at 3B: Roderick Speed
Batting: RHB Alistair Holmes 0-0: Called Strike
0-1: Ball
1-1: Foul Ball, location: 2F
1-2: Ground out 6-3 (Groundball, P, EV 85.0 MPH)
Batting: SHB Derek Weaver 0-0: Ball
1-0: Called Strike
1-1: Foul Ball, location: 2F
1-2: SINGLE (Line Drive, 9S, EV 95.0 MPH)
Batting: RHB George Connell 0-0: DOUBLE (Line Drive, 7LM, EV 105.6 MPH)
Derek Weaver to third
Pinch Hitting: RHB Christopher Arnett 0-0: Swinging Strike
0-1: Ground out 6-3 (Groundball, 56D, EV 99.4 MPH)
Derek Weaver scores
Batting: RHB Chris Davis 0-0: Ball
1-0: Foul Ball, location: 2F
1-1: SINGLE (Groundball, 5D, EV 105.6 MPH)
George Connell to third
Throwing error, E7
George Connell scores
Chris Davis to second
Batting: RHB Danny Mota 0-0: Intentional Walk
Pitching: RHP Ross Stagg
Batting: SHB Aaron Ruscigno 0-0: Ground out 6-3 (Groundball, 6MS, EV 84.4 MPH)
Top of the 9th over - 2 runs, 3 hits, 1 error, 2 left on base; Trois-Riveres 5 - Detroit 5
BOTTOM OF THE 9TH
Detroit Red Wings batting - Pitching for Trois-Riveres Aigles : LHP Jordan Robinson
Pitching: RHP Steve Rennecker
Now at 3B: Reed Healey
Batting: SHB Roderick Speed 0-0: Ball
1-0: Ball
2-0: Called Strike
2-1: Ball
3-1: Called Strike
3-2: Foul Ball, location: 2F
3-2: Base on Balls
Batting: RHB Mark Massey 0-0: Fly out, F3 (Popup, 34S, EV 91.9 MPH)
Batting: RHB António Scarlett 0-0: Ball
1-0: Called Strike
Pickoff Throw to First - Error! E1
Roderick Speed to second
1-1: Ball
2-1: Foul Ball, location: 2F
2-2: Foul Ball, location: 2F
2-2: Strikes out swinging
Batting: LHB Ryan Adams 0-0: Intentional Walk
Batting: LHB Duda Pinho 0-0: Ball
1-0: SINGLE (Groundball, 6S, EV 69.4 MPH) (infield hit)
Roderick Speed to third
Ryan Adams to second
Batting: LHB Simon Barry 0-0: Ball
1-0: Called Strike
1-1: SINGLE (Groundball, 4MS, EV 70.6 MPH) (infield hit)
Roderick Speed scores
Bottom of the 9th over - 1 run, 2 hits, 1 error, 2 left on base; Trois-Riveres 5 - Detroit 6
Sunday, July 16th , 2023 - OOTP Baseball 24.6 Build 69